[Event "Villarobledo Online Qualifyer"]
[Site "playchess.com #155672"]
[Date "2009.05.23"]
[Round "1"]
[White "MandM"]
[Black "Thenaar"]
[Result "1-0"]
[WhiteElo "1486"]
[BlackElo "2144"]
[PlyCount "25"]
[EventDate "2009.05.23"]
[EventType "swiss (blitz)"]
[TimeControl "180+2"]

1. e4 Nc6 2. Nf3 f5 3. e5 d6 4. d4 dxe5 5. dxe5 Qxd1+ 6. Kxd1 Be6 7. Nc3 O-O-O+ 8. Bd2 h6 9. Bb5 g5 10. Ke2 a6 11. Bxc6 Bc4+ 12. Ke3 bxc6 13. b3 {[%emt 0:00:03] White restart ok. Tempo} 1-0

[Event "Villarobledo Online Qualifyer"]
[Site "playchess.com #155672"]
[Date "2009.05.23"]
[Round "13"]
[White "Unicorn"]
[Black "Kendo"]
[Result "1/2-1/2"]
[WhiteElo "2609"]
[BlackElo "2747"]
[PlyCount "24"]
[EventDate "2009.05.23"]
[EventType "swiss (blitz)"]
[TimeControl "180+2"]

{Unicorn offers a draw} 1. d4 d5 2. c4 c6 3. Nf3 Nf6 4. Nc3 e6 5. Bg5 h6 6. Bh4 Be7 7. cxd5 exd5 8. e3 Bf5 9.
Bd3 Bxd3 10. Qxd3 Nbd7 11. O-O O-O 12. Rab1 {[%emt
0:00:01] Kendo bietet Remis} a5 1/2-1/2